Construct Section Command Post
Construct Platoon Command Post
Selects Indian Artillery Battlegroup
Selects Gurkha Rifles Section
6-pounder Anti-tank Gun Team
Construct Field Infirmary
6-pounder Anti-tank Gun Team
Construct Company Command Post
Selects Volunteer Infantry
Selects Towed ML 4.2-inch Heavy Mortar
Unlock M3 Grant Medium Tanks
Selects Off-map Airburst Barrage
Selects BL5.5 Artillery Emplacement